UAA
MYRTLE BEACH MERMEN @ MARMORA SCRAMBLERS
08/09/2017
 
TOP OF THE 1ST
Myrtle Beach Mermen batting - Pitching for Marmora Scramblers : RHP Austin Stewart
Pitching: RHP Austin Stewart
Batting: RHB José Caballero 0-0: Fly out, F9 (Flyball, 9M)
Batting: RHB Sal Haynes 0-0: Called Strike
0-1: Called Strike
0-2: Ball
1-2: Ground out 5-3 (Groundball, 56)
Batting: RHB Pat Lindsey 0-0: Foul Ball, location: 2F
0-1: SINGLE (Line Drive, 8RS)
Batting: LHB Chris Hill 0-0: Called Strike
0-1: Foul Ball, location: 2F
0-2: Ball
1-2: Ground out U3 (Groundball, 3)
Top of the 1st over - 0 run(s), 1 hit(s), 0 error(s), 1 left on base; Myrtle Beach 0 - Marmora 0
BOTTOM OF THE 1ST
Marmora Scramblers batting - Pitching for Myrtle Beach Mermen : LHP Russ Wood
Pitching: LHP Russ Wood
Batting: LHB Markus Richardson 0-0: Ball
1-0: Foul Ball, location: 2F
1-1: Ball
2-1: Foul Ball, location: 2F
2-2: Foul Ball, location: 2F
2-2: Strikes out swinging
Batting: RHB Andrew Weeks 0-0: Ball
1-0: Ball
2-0: Ball
3-0: Called Strike
3-1: Called Strike
3-2: Strikes out swinging
Batting: SHB Dave Orchard 0-0: Ball
1-0: Ball
2-0: Ball
3-0: Called Strike
3-1: SINGLE (Groundball, 4MD)
Batting: LHB Randy Daugherty 0-0: Ball
1-0: 2-RUN HOME RUN (Flyball, 9LD), Distance : 350 ft
Batting: LHB Steve Riggs 0-0: Ball
1-0: Fly out, F7 (Flyball, 78M)
Bottom of the 1st over - 2 run(s), 2 hit(s), 0 error(s), 0 left on base; Myrtle Beach 0 - Marmora 2
TOP OF THE 2ND
Myrtle Beach Mermen batting - Pitching for Marmora Scramblers : RHP Austin Stewart
Batting: RHB Max White 0-0: Ball
1-0: SINGLE (Line Drive, 8LS)
Batting: RHB Mike Fleming 0-0: Ball
1-0: Grounds into double play, 1-6-3 (Groundball, 13)
Batting: LHB Steven Johnstone 0-0: Ball
1-0: Ball
2-0: Ball
3-0: Base on Balls
Batting: SHB Avery Little 0-0: Ball
Steven Johnstone is caught stealing 2nd base
Top of the 2nd over - 0 run(s), 1 hit(s), 0 error(s), 0 left on base; Myrtle Beach 0 - Marmora 2
BOTTOM OF THE 2ND
Marmora Scramblers batting - Pitching for Myrtle Beach Mermen : LHP Russ Wood
Batting: RHB Chris Teague 0-0: Ball
1-0: Called Strike
1-1: Ball
2-1: Swinging Strike
2-2: Fly out, F4 (Popup, 6MD)
Batting: RHB Jorge Quezada 0-0: Ball
1-0: Swinging Strike
1-1: SINGLE (Groundball, 56)
Batting: RHB Victor Haley 0-0: Called Strike
0-1: Foul Ball, location: 2F
0-2: Ball
1-2: Strikes out looking
Batting: RHB Larry Bryant 0-0: Foul Ball, location: 2F
0-1: Ball
1-1: Foul Ball, location: 2F
1-2: Strikes out swinging
Bottom of the 2nd over - 0 run(s), 1 hit(s), 0 error(s), 1 left on base; Myrtle Beach 0 - Marmora 2
TOP OF THE 3RD
Myrtle Beach Mermen batting - Pitching for Marmora Scramblers : RHP Austin Stewart
Batting: SHB Avery Little 0-0: Ball
1-0: Ball
2-0: Foul Ball, location: 2F
2-1: Fly out, F7 (Popup, 7S)
Batting: RHB Kevin Tyler 0-0: TRIPLE (Flyball, 9LM)
Batting: RHB José Caballero 0-0: Called Strike
0-1: Swinging Strike
0-2: Ball
1-2: Ground out 1-3 (Groundball, 13S)
Batting: RHB Sal Haynes 0-0: Called Strike
0-1: Ball
1-1: Ball
2-1: Ground out 6-3 (Groundball, 6)
Top of the 3rd over - 0 run(s), 1 hit(s), 0 error(s), 1 left on base; Myrtle Beach 0 - Marmora 2
BOTTOM OF THE 3RD
Marmora Scramblers batting - Pitching for Myrtle Beach Mermen : LHP Russ Wood
Batting: LHB Markus Richardson 0-0: Ball
1-0: Foul Ball, location: 2F
1-1: SINGLE (Line Drive, 8RS)
Batting: RHB Andrew Weeks 0-0: Foul Ball, location: 2F
0-1: Ball
1-1: Ball
2-1: Fielders Choice at 2nd, 1-4 (Groundball, 13S)
Batting: SHB Dave Orchard 0-0: Ball
1-0: Ball
2-0: Ball
3-0: Called Strike
3-1: Base on Balls
Andrew Weeks to second
Batting: LHB Randy Daugherty 0-0: Foul Ball, location: 2F
0-1: Swinging Strike
0-2: Foul Ball, location: 2F
0-2: Ball
1-2: Ball
2-2: Strikes out swinging
Batting: LHB Steve Riggs 0-0: Fly out, F8 (Flyball, 89D)
Bottom of the 3rd over - 0 run(s), 1 hit(s), 0 error(s), 2 left on base; Myrtle Beach 0 - Marmora 2
TOP OF THE 4TH
Myrtle Beach Mermen batting - Pitching for Marmora Scramblers : RHP Austin Stewart
Batting: RHB Pat Lindsey 0-0: Called Strike
0-1: Ball
1-1: Foul Ball, location: 2F
1-2: Ball
2-2: Ground out 4-3 (Groundball, 4)
Batting: LHB Chris Hill 0-0: Called Strike
0-1: Ball
1-1: Called Strike
1-2: Foul Ball, location: 2F
1-2: Hit by Pitch
Batting: RHB Max White 0-0: Ball
1-0: Ball
2-0: Swinging Strike
2-1: Ball
3-1: Foul Ball, location: 2F
3-2: Strikes out looking
Batting: RHB Mike Fleming 0-0: Foul Ball, location: 2F
0-1: Swinging Strike
Passed Ball!
Chris Hill to second
0-2: Ball
1-2: Foul Ball, location: 2F
1-2: Strikes out looking
Top of the 4th over - 0 run(s), 0 hit(s), 0 error(s), 1 left on base; Myrtle Beach 0 - Marmora 2
BOTTOM OF THE 4TH
Marmora Scramblers batting - Pitching for Myrtle Beach Mermen : LHP Russ Wood
Batting: RHB Chris Teague 0-0: Ground out 6-3 (Groundball, 6)
Batting: RHB Jorge Quezada 0-0: Foul Ball, location: 2F
0-1: Ball
1-1: Ball
2-1: Ball
3-1: Foul Ball, location: 2F
3-2: Base on Balls
Batting: RHB Victor Haley 0-0: Foul Ball, location: 2F
0-1: Swinging Strike
0-2: Ball
1-2: SINGLE (Groundball, 6MD)
Jorge Quezada to second
Runner from 2nd tries for 3rd, SAFE, throw made to third
Batting: RHB Larry Bryant 0-0: Ball
1-0: Ball
2-0: Fly out, F8 (Flyball, 8RD)
Runner from 3rd tags up, SCORES, no throw
Batting: LHB Markus Richardson 0-0: Foul Ball, location: 2F
0-1: Ball
1-1: Swinging Strike
1-2: Foul Ball, location: 2F
1-2: Ball
2-2: Ball
3-2: Foul Ball, location: 2F
3-2: Foul Ball, location: 2F
3-2: Foul Ball, location: 2F
3-2: Base on Balls
Victor Haley to second
Batting: RHB Andrew Weeks 0-0: SINGLE (Groundball, 25) (infield hit)
Victor Haley to third
Markus Richardson to second
Batting: SHB Dave Orchard 0-0: Ball
1-0: Called Strike
1-1: Ball
2-1: Ball
3-1: Swinging Strike
3-2: Base on Balls
Victor Haley scores
Markus Richardson to third
Andrew Weeks to second
Batting: LHB Randy Daugherty 0-0: Ball
1-0: Called Strike
1-1: Foul Ball, location: 2F
1-2: SINGLE (Line Drive, 6D)
Markus Richardson scores
Andrew Weeks to third
Dave Orchard to second
Runner from 3rd tries for Home, throw and OUT!
Bottom of the 4th over - 3 run(s), 3 hit(s), 0 error(s), 2 left on base; Myrtle Beach 0 - Marmora 5
TOP OF THE 5TH
Myrtle Beach Mermen batting - Pitching for Marmora Scramblers : RHP Austin Stewart
Batting: LHB Steven Johnstone 0-0: Ball
1-0: Ball
2-0: Called Strike
2-1: Swinging Strike
2-2: Strikes out swinging
Batting: SHB Avery Little 0-0: Ball
1-0: Ball
2-0: Foul Ball, location: 2F
2-1: SINGLE (Groundball, 4M)
Batting: RHB Kevin Tyler 0-0: Ball
1-0: Swinging Strike
1-1: Called Strike
1-2: Foul Ball, location: 2F
1-2: SINGLE (Flyball, 9LS)
Avery Little to second
Batting: RHB José Caballero 0-0: Ball
1-0: Ball
2-0: Ball
3-0: Base on Balls
Avery Little to third
Kevin Tyler to second
Batting: RHB Sal Haynes 0-0: Ball
1-0: Ball
2-0: Foul Ball, location: 2F
2-1: Ball
3-1: Base on Balls
Avery Little scores
Kevin Tyler to third
José Caballero to second
Batting: RHB Pat Lindsey 0-0: Foul Ball, location: 2F
0-1: Swinging Strike
0-2: Ground out 4-3 (Groundball, 4M)
Kevin Tyler scores
José Caballero to third
Sal Haynes to second
Batting: LHB Chris Hill 0-0: Swinging Strike
0-1: Foul Ball, location: 2F
0-2: Strikes out swinging
Top of the 5th over - 2 run(s), 2 hit(s), 0 error(s), 2 left on base; Myrtle Beach 2 - Marmora 5
BOTTOM OF THE 5TH
Marmora Scramblers batting - Pitching for Myrtle Beach Mermen : LHP Russ Wood
Batting: LHB Steve Riggs 0-0: Ball
1-0: Foul Ball, location: 2F
1-1: Foul Ball, location: 2F
1-2: Ball
2-2: Foul Ball, location: 2F
Reached via error on a dropped throw, E1
Batting: RHB Chris Teague 0-0: SINGLE (Line Drive, 78M)
Steve Riggs to second
Batting: RHB Jorge Quezada 0-0: Swinging Strike
0-1: Ball
1-1: Ball
2-1: Grounds into double play, 5-4-3 (Groundball, 56)
Steve Riggs to third
Batting: RHB Victor Haley 0-0: Ball
1-0: Ball
2-0: Ball
3-0: Called Strike
3-1: Swinging Strike
3-2: Ground out 5-3 (Groundball, 56)
Bottom of the 5th over - 0 run(s), 1 hit(s), 1 error(s), 1 left on base; Myrtle Beach 2 - Marmora 5
TOP OF THE 6TH
Myrtle Beach Mermen batting - Pitching for Marmora Scramblers : RHP Austin Stewart
Batting: RHB Max White 0-0: Ball
1-0: Ball
2-0: Foul Ball, location: 2F
2-1: SINGLE (Groundball, 5D)
Batting: RHB Mike Fleming 0-0: Sac Bunt - play at first, batter safe!
Max White to second
Batting: LHB Steven Johnstone 0-0: Ball
1-0: Swinging Strike
1-1: Called Strike
1-2: Ball
2-2: Ball
3-2: Fielders Choice at 2nd, 6-4 (Groundball, 6M)
Max White to third
Batting: SHB Avery Little 0-0: Ball
1-0: Ball
2-0: DOUBLE (Flyball, 7LS)
Max White scores
Steven Johnstone to third
Batting: RHB Kevin Tyler 0-0: Ball
1-0: Called Strike
1-1: Swinging Strike
1-2: Foul Ball, location: 2F
1-2: DOUBLE (Line Drive, 89M)
Steven Johnstone scores
Avery Little scores
Pitching: LHP Aaron Farr
Batting: RHB José Caballero 0-0: Ball
1-0: SINGLE (Flyball, 8LS)
Kevin Tyler to third
Batting: RHB Sal Haynes 0-0: Called Strike
0-1: Ball
José Caballero is caught stealing 2nd base
1-1: Fly out, F6 (Popup, 6D)
Top of the 6th over - 3 run(s), 5 hit(s), 0 error(s), 1 left on base; Myrtle Beach 5 - Marmora 5
BOTTOM OF THE 6TH
Marmora Scramblers batting - Pitching for Myrtle Beach Mermen : LHP Russ Wood
Batting: RHB Larry Bryant 0-0: Ball
1-0: SINGLE (Line Drive, 78S)
Pitching: RHP Waylon Anderson
Batting: LHB Markus Richardson 0-0: Bunt missed!
0-1: Bunted foul
0-2: Foul Ball, location: 2F
0-2: Ball
1-2: Ball
2-2: Foul Ball, location: 2F
2-2: Foul Ball, location: 2F
2-2: DOUBLE (Line Drive, 7LS)
Larry Bryant to third
Runner from 3rd tries for Home, SAFE, no throw or cutoff
Batting: RHB Andrew Weeks 0-0: Called Strike
0-1: Called Strike
0-2: Strikes out swinging
Batting: SHB Dave Orchard 0-0: Called Strike
0-1: SINGLE (Flyball, 8LS)
Markus Richardson to third
Batting: LHB Randy Daugherty 0-0: Ball
1-0: Called Strike
1-1: Foul Ball, location: 2F
1-2: Strikes out swinging
Batting: LHB Steve Riggs 0-0: Ball
Dave Orchard steals 2nd base
1-0: Foul Ball, location: 2F
1-1: Swinging Strike
1-2: Foul Ball, location: 2F
1-2: Strikes out swinging
Bottom of the 6th over - 1 run(s), 3 hit(s), 0 error(s), 2 left on base; Myrtle Beach 5 - Marmora 6
TOP OF THE 7TH
Myrtle Beach Mermen batting - Pitching for Marmora Scramblers : LHP Aaron Farr
Batting: RHB Pat Lindsey 0-0: Called Strike
0-1: Ball
1-1: Ball
2-1: SOLO HOME RUN (Flyball, 78XD), Distance : 411 ft
Batting: LHB Chris Hill 0-0: Called Strike
0-1: Swinging Strike
0-2: Strikes out swinging
Batting: RHB Max White 0-0: Foul Ball, location: 2F
0-1: Ball
1-1: Ground out 5-3 (Groundball, 56S)
Batting: RHB Mike Fleming 0-0: Ball
1-0: Ground out 6-3 (Groundball, 6D)
Top of the 7th over - 1 run(s), 1 hit(s), 0 error(s), 0 left on base; Myrtle Beach 6 - Marmora 6
BOTTOM OF THE 7TH
Marmora Scramblers batting - Pitching for Myrtle Beach Mermen : RHP Waylon Anderson
Batting: RHB Chris Teague 0-0: Ball
1-0: Foul Ball, location: 2F
1-1: Fly out, F8 (Flyball, 78M)
Pinch Hitting: LHB Jim Unknown 0-0: Called Strike
0-1: Ball
1-1: Foul Ball, location: 2F
1-2: Reached on error, E1 (Groundball, 23)
Pinch Hitting: RHB Bryan Carter 0-0: Ball
1-0: Ground out 2-3 (Groundball, 25)
Jim Unknown to second
Pinch Hitting: SHB Carlton Reed 0-0: Ball
1-0: Swinging Strike
1-1: Foul Ball, location: 2F
1-2: Ball
2-2: Foul Ball, location: 2F
2-2: Foul Ball, location: 2F
2-2: Ball
3-2: Strikes out looking
Bottom of the 7th over - 0 run(s), 0 hit(s), 1 error(s), 1 left on base; Myrtle Beach 6 - Marmora 6
TOP OF THE 8TH
Myrtle Beach Mermen batting - Pitching for Marmora Scramblers : LHP Aaron Farr
Now at 2B: Josh Stafford
Now at 3B: Bryan Carter
Now at SS: Jim Unknown
Pinch Hitting: RHB Earnest Veeck 0-0: Ball
1-0: Foul Ball, location: 2F
1-1: Foul Ball, location: 2F
1-2: Ball
2-2: Fly out, F8 (Flyball, 8RM)
Pitching: RHP Chris Strickland
Pinch Hitting: LHB Mal Cobb 0-0: Called Strike
0-1: Ball
1-1: Ball
2-1: SOLO HOME RUN (Flyball, 89XD), Distance : 384 ft
Batting: RHB Kevin Tyler 0-0: Foul Ball, location: 2F
0-1: Ball
1-1: Ball
2-1: Ball
3-1: Called Strike
3-2: Foul Ball, location: 2F
3-2: Foul Ball, location: 2F
3-2: Fly out, F9 (Flyball, 9LM)
Batting: RHB José Caballero 0-0: Ball
1-0: Ball
2-0: SINGLE (Flyball, 9LS)
Pinch Hitting: LHB Jim Unknown 0-0: Ball
1-0: Called Strike
1-1: TRIPLE (Flyball, 89M)
José Caballero scores
Pitching: RHP Scott Garrison
Batting: RHB Pat Lindsey 0-0: Ball
1-0: Called Strike
1-1: Ball
2-1: Swinging Strike
2-2: Ball
3-2: Base on Balls
Pitching: LHP Martin García
Batting: LHB Chris Hill 0-0: Foul Ball, location: 2F
0-1: Ball
1-1: Foul Ball, location: 2F
1-2: Ball
2-2: Ball
3-2: Strikes out looking
Top of the 8th over - 2 run(s), 3 hit(s), 0 error(s), 2 left on base; Myrtle Beach 8 - Marmora 6
BOTTOM OF THE 8TH
Marmora Scramblers batting - Pitching for Myrtle Beach Mermen : RHP Waylon Anderson
Pitching: LHP Ryan McCall
Now at 2B: Jim Unknown
Now in LF: Mal Cobb
Now in CF: Ray Gray
Batting: LHB Markus Richardson 0-0: Ball
1-0: Called Strike
1-1: Ball
2-1: SINGLE (Groundball, 5D)
Pitching: RHP William Taylor
Batting: RHB Andrew Weeks 0-0: Ball
1-0: Foul Ball, location: 2F
1-1: Ball
2-1: Foul Ball, location: 2F
2-2: Ball
3-2: Foul Ball, location: 2F
3-2: Strikes out swinging
Batting: SHB Dave Orchard 0-0: Ball
1-0: Ground out 4-3 (Groundball, 4MS)
Markus Richardson to second
Pitching: RHP Colt Harris
Batting: LHB Randy Daugherty 0-0: Ball
1-0: Called Strike
1-1: Swinging Strike
1-2: Strikes out swinging
Bottom of the 8th over - 0 run(s), 1 hit(s), 0 error(s), 1 left on base; Myrtle Beach 8 - Marmora 6
TOP OF THE 9TH
Myrtle Beach Mermen batting - Pitching for Marmora Scramblers : LHP Martin García
Pitching: RHP Charles Logan
Batting: RHB Max White 0-0: Ball
1-0: Ball
2-0: Ball
3-0: Called Strike
3-1: Swinging Strike
3-2: Base on Balls
Batting: RHB Mike Fleming 0-0: Ball
1-0: Called Strike
1-1: Ball
2-1: Called Strike
2-2: Grounds into double play, 6-4-3 (Groundball, 6M)
Batting: LHB Ray Gray 0-0: Swinging Strike
0-1: Swinging Strike
0-2: Foul Ball, location: 2F
0-2: Ball
1-2: Ball
2-2: Strikes out swinging
Top of the 9th over - 0 run(s), 0 hit(s), 0 error(s), 0 left on base; Myrtle Beach 8 - Marmora 6
BOTTOM OF THE 9TH
Marmora Scramblers batting - Pitching for Myrtle Beach Mermen : RHP Colt Harris
Pitching: RHP Raúl Areola
Batting: LHB Steve Riggs 0-0: Ball
1-0: Ball
2-0: Ball
3-0: Base on Balls
Pinch Hitting: RHB Roberto Ríos 0-0: Called Strike
0-1: Ball
Single, Error in OF, E9, batter to second base
Steve Riggs to third
Batting: LHB Jim Unknown 0-0: Ball
1-0: Ball
2-0: Swinging Strike
2-1: Foul Ball, location: 2F
2-2: Strikes out swinging
Batting: RHB Bryan Carter 0-0: DOUBLE (Flyball, 8RD)
Steve Riggs scores
Roberto Ríos scores
Batting: RHB Josh Stafford 0-0: Called Strike
0-1: Ball
1-1: Foul Ball, location: 2F
1-2: Foul Ball, location: 2F
1-2: Ball
2-2: SINGLE (Line Drive, 89S)
Bryan Carter to third
Batting: LHB Markus Richardson 0-0: Called Strike
0-1: Ball
1-1: Ball
2-1: Ball
Wild Pitch!
Bryan Carter scores
This league is powered by Out of the Park Baseball, the baseball management simulation game for PC, Mac and Linux
Saturday, February 27th, 2021 - OOTP Baseball 15.6 Build 34